 Dungeon Crawl Stone Soup version 0.17-a0-2064-g265a032 (webtiles) character file.

66816 Banto the Unseen (level 15, -1/103 HPs)
             Began as a Halfling Artificer on Oct 13, 2015.
             Was an Initiate of Gozag.
             Slain by a death yak (20 damage)
             ... called by a young spriggan druid
             ... on level 7 of the Lair of Beasts.
             The game lasted 01:13:46 (26268 turns).

Banto the Unseen (Halfling Artificer)              Turns: 26268, Time: 01:13:46

Health: -1/103     AC: 15    Str: 11    XL:     15   Next: 63%
Magic:  17/17      EV: 30    Int: 14    God:    Gozag
Gold:   4260       SH:  0    Dex: 22    Spells: 0 memorised, 14 levels left

rFire  + . .     SeeInvis .     d - +1 dagger (freeze)
rCold  + . .     Clarity  .     b - +2 leather armour {rC+}
rNeg   . . .     SustAt   .     (shield restricted)
rPois  .         Gourm    .     p - +2 helmet {Int+3}
rElec  +         Spirit   .     u - +1 cloak
rCorr  .         Warding  .     (no gloves)
rMut   .         Stasis   .     t - +2 pair of boots {Stlth+}
MR     +....                    D - amulet of regeneration
Stlth  +++++++++.               r - ring "Rapp" {rElec rF+ EV+3}
                                M - +6 ring of slaying

@: somewhat resistant to hostile enchantments, incredibly stealthy
A: mutation resistance 1, spit poison 1
a: Spit Poison, Potion Petition, Call Merchant, Bribe Branch, Renounce Religion


You were on level 7 of the Lair of Beasts.
You worshipped Gozag.
Gozag was noncommittal.
You were hungry.

You visited 2 branches of the dungeon, and saw 18 of its levels.
You also visited: Labyrinth, Sewer and Ossuary.

You collected 6926 gold pieces.
You spent 121 gold pieces at shops.
You paid 2545 gold pieces to Gozag.

Inventory:

Hand Weapons
 d - a +1 dagger of freezing (weapon)
Missiles
 L - a throwing net (quivered)
Armour
 b - a +2 leather armour of cold resistance (worn)
 p - a +2 helmet of intelligence (worn)
 t - a +2 pair of boots of stealth (worn)
 u - a +1 cloak (worn)
 H - a +0 buckler
Rods
 E - a +0 rod of shadows (13/13)
   (You found it on level 5 of the Dungeon)
Jewellery
 i - an uncursed ring of protection from fire
 r - the ring "Rapp" (right hand) {rElec rF+ EV+3}
   (You found it on level 7 of the Lair of Beasts)

   [ring of evasion]

   It affects your evasion (+3).
   It protects you from fire.
   It insulates you from electricity.
 s - the amulet "Heklosov" {Spirit rF+ MP+9}
   (You found it in a labyrinth)

   [amulet of guardian spirit]

   It causes incoming damage to be split between your health and magic.
   It protects you from fire.
   It affects your magic capacity (+9).
 x - an uncursed ring of protection from cold
 y - an uncursed amulet of warding
 D - an amulet of regeneration (around neck)
 J - an uncursed ring of protection from magic
 K - an uncursed ring of poison resistance
 M - a +6 ring of slaying (left hand)
Wands
 c - a wand of fireball (2)
 h - a wand of digging (18)
 B - a wand of heal wounds (5)
 S - a wand of paralysis (16)
 T - a wand of teleportation (4)
 U - a wand of confusion (19)
Scrolls
 e - 3 scrolls of blinking
 j - 4 scrolls of fear
 k - a scroll of magic mapping
 l - 3 scrolls of enchant weapon
 o - 9 scrolls of remove curse
 C - 7 scrolls of teleportation
 F - 6 scrolls of enchant armour
 G - 3 scrolls of recharging
 O - 4 scrolls of identify
 Q - 2 scrolls of amnesia
Potions
 a - a potion of heal wounds
 g - 8 potions of curing
 n - 2 potions of magic
 v - 2 potions of haste
 w - 3 potions of might
 A - 5 potions of brilliance
 P - 2 potions of flight
Miscellaneous
 q - a phial of floods
Comestibles
 f - 12 bread rations
 m - a slice of pizza
 R - 5 meat rations


   Skills:
 - Level 10.0 Fighting
 - Level 15.8 Short Blades
 - Level 10.0 Armour
 - Level 12.0 Dodging
 + Level 16.4 Stealth
 + Level 5.2 Shields
 - Level 3.0 Evocations


You had 14 spell levels left.
You didn't know any spells.

Dungeon Overview and Level Annotations

Branches:
Dungeon (10/15)            Temple (0/1) D:7            Lair (8/8) D:9
  Swamp (0/4) Lair:6       Spider (0/4) Lair:5        Slime (0/6) Lair:8
    Orc (0/4) D:10

Altars:
Ashenzari
Dithmenos
Elyvilon
Fedhas
Gozag
Kikubaaqudgha
Qazlal
Ru
Trog
Xom
The Shining One
Beogh
Jiyva

Shops:
D:4 [   D:7 [   D:11 (   D:12 [   D:15 (

Annotations:
D:3 Gaunah's ghost, amateur HOCK


Innate Abilities, Weirdness & Mutations

You are small and have problems with some larger weapons.
You are somewhat resistant to further mutation.
You can spit weak poison.


Message History

You hit the death yak but do no damage.
The death yak is heavily wounded.
You barely miss the death yak.
The death yak is heavily wounded.
The death yak gores you!
You hit the death yak. You freeze the death yak.
The death yak is severely wounded.
You hit the death yak but do no damage.
The death yak is severely wounded.
The death yak gores you!
* * * LOW HITPOINT WARNING * * *
You are too injured to fight recklessly!
You are too injured to fight recklessly!
You hit the death yak. You freeze the death yak.
The death yak is severely wounded.
You hit the death yak. You freeze the death yak.
The death yak is almost dead.
The death yak gores you!!
You die...
Your body crumbles into a pile of gold.

#..#......##...##....#P....##...#
##........#....##...P..P..###..##
#...#P...###...#......#.P.###..#
#........P##..........#..#.#...##
....................#.....##....#
.....................##..####...#
................#....#....# #...#
...............Y#.........###..##
.....#...#.#...P@...##...##....#
...>#....###...P..........#....##
..[..P....P##...................#
...........#...#.....#.........##
#........###.........##......P.#
.##.......##........#=....##.P.##
..).#....###........#....####....
.....#..............###..# #..P.
.##..#......(...#........# #P..#


You could see a death yak.

Vanquished Creatures
  An orc warlord (D:9)
  A minotaur (Lab)
  3 hydras
  A catoblepas (Lair:8)
  14 death yaks
  A queen ant (Lair:6)
  Pikel (D:8)
  2 lindwurms (Lair:7)
  A hill giant (D:10)
  3 griffons
  20 elephants
  Joseph (D:8)
  16 spiny frogs
  Psyche (D:8)
  4 black mambas
  3 gargoyles
  2 fire drakes
  A spriggan druid (Lair:7)
  8 komodo dragons
  A giant leech (Lair:6)
  9 polar bears
  A slime creature (D:9)
  26 blink frogs
  3 redbacks (Lair:8)
  A wraith (D:10)
  13 spriggans (Lair:8)
  28 yaks
  2 trapdoor spiders (Lab)
  A basilisk (Lair:3)
  A hungry ghost (D:8)
  A human (D:7)
  7 hippogriffs
  25 wolves (Lair:8)
  12 wargs (D:9)
  2 swamp worms (Lair:6)
  14 water moccasins
  Duvessa (D:5)
  9 orc warriors
  11 soldier ants
  9 porcupines
  Purgy (Sewer)
  3 ice beasts (D:10)
  4 ogres
  2 slaves (D:8)
  4 black bears
  A necrophage (D:9)
  5 wasps (Lair:8)
  4 centaurs
  A phantom (D:6)
  3 big kobolds
  11 crocodiles
  An elf zombie (Ossuary)
  29 giant frogs
  4 scorpions
  Dowan (D:5)
  8 killer bees
  A jelly (D:9)
  6 crimson imps
  4 human zombies (Ossuary)
  2 centaur zombies (Ossuary)
  5 hounds
  A quasit (D:5)
  11 orc priests
  4 iguanas
  4 orc wizards
  3 centaur skeletons
  A gnoll shaman (D:6)
  A giant frog skeleton (D:7)
  Terence (D:1)
  Natasha (thrice) (D:2)
  20 worker ants
  9 hell rats (Lair:4)
  7 sheep
  A killer bee zombie (D:8)
  A hound skeleton (D:6)
  3 mummies
  12 adders
  6 gnolls (D:6)
  A worker ant zombie (D:6)
  71 river rats
  An ooze (D:3)
  An adder zombie (D:8)
  3 worms
  An adder skeleton (D:4)
  5 giant geckos
  45 orcs
  6 bats
  A bat zombie (D:2)
  12 hobgoblins
  7 jackals
  27 kobolds
  3 quokkas
  5 ball pythons
  9 giant cockroaches
  A giant gecko skeleton (D:4)
  7 giant newts
  11 goblins
  A goblin zombie (Ossuary)
  6 hobgoblin zombies (Ossuary)
  14 kobold zombies (Ossuary)
  8 orc zombies
  A quokka zombie (D:9)
  32 rats
  7 rat zombies
  A butterfly (D:3)
  2 fungi (Lair:8)
738 creatures vanquished.

Vanquished Creatures (collateral kills)
  2 gargoyles (Lab)
  A polar bear (Lair:8)
  A water moccasin (Lair:8)
  An ogre (D:5)
  A black bear (Lair:8)
  An orc warrior (D:8)
  A killer bee (D:10)
8 creatures vanquished.

Vanquished Creatures (others)
  2 slaves (D:8)
  An orc priest (D:9)
  An orc (D:8)
  25 fungi
  15 plants
44 creatures vanquished.

Grand Total: 790 creatures vanquished

Notes
Turn   | Place    | Note
--------------------------------------------------------------
     0 | D:1      | Banto the Halfling Artificer began the quest for the Orb.
     0 | D:1      | Reached XP level 1. HP: 12/12 MP: 3/3
   255 | D:1      | Reached XP level 2. HP: 13/18 MP: 4/4
   636 | D:1      | Reached XP level 3. HP: 13/22 MP: 5/5
   851 | D:2      | Noticed Terence
  1100 | D:2      | Found an opulent altar of Gozag.
  1139 | D:2      | Became a worshipper of Gozag Ym Sagoz the Greedy
  1595 | D:2      | Reached XP level 4. HP: 11/27 MP: 6/6
  2019 | D:2      | Noticed Natasha
  2020 | D:2      | Killed Natasha
  2020 | D:2      | Reached skill level 4 in Short Blades
  2060 | D:2      | Found an ancient bone altar of Kikubaaqudgha.
  2142 | D:2      | Noticed Natasha
  2149 | D:2      | Killed Natasha
  2212 | D:2      | Noticed Natasha
  2217 | D:2      | Killed Natasha
  2217 | D:2      | Reached XP level 5. HP: 16/32 MP: 7/7
  2445 | D:1      | Terence (ally) was killed
  2445 | D:1      | Your ally died
  2777 | D:3      | Noticed Gaunah's ghost (amateur HOCK)
  2845 | D:3      | Noticed a hungry ghost
  3032 | D:3      | Found a shimmering altar of Xom.
  3071 | D:4      | Found Alosegrill's Antique Armour Shop.
  3112 | D:4      | Bought a pair of runed boots for 121 gold pieces
  3305 | D:4      | Reached skill level 5 in Short Blades
  3359 | D:4      | Got a steaming mace
  3530 | D:4      | Reached XP level 6. HP: 28/37 MP: 8/8
  3555 | D:4      | Found a glowing drain.
  3571 | Sewer    | Entered a sewer
  3729 | Sewer    | Identified the cursed +2 mace "Matepis" {speed, rF++ Int+4} (You found it on level 4 of the Dungeon)
  3772 | Sewer    | Noticed Purgy
  3780 | Sewer    | Killed Purgy
  3780 | Sewer    | Reached skill level 6 in Short Blades
  3780 | Sewer    | Reached skill level 5 in Stealth
  4149 | D:4      | Found a sacrificial altar of Ru.
  4446 | D:3      | Found a white marble altar of Elyvilon.
  4713 | D:5      | Entered Level 5 of the Dungeon
  4736 | D:5      | Found a shadowy altar of Dithmenos.
  4748 | D:5      | Reached XP level 7. HP: 42/42 MP: 9/9
  4763 | D:5      | Found a stormy altar of Qazlal.
  5176 | D:5      | Found a blossoming altar of Fedhas.
  5243 | D:5      | Found a glowing golden altar of the Shining One.
  5268 | D:5      | Identified a +0 rod of shadows (13/13) (You found it on level 5 of the Dungeon)
  5541 | D:5      | Found a shadowy altar of Dithmenos.
  5550 | D:5      | Noticed Duvessa
  5550 | D:5      | Noticed Dowan
  5566 | D:5      | Killed Dowan
  5566 | D:5      | Reached skill level 7 in Short Blades
  5634 | D:5      | Killed Duvessa
  5997 | D:6      | Reached XP level 8. HP: 47/47 MP: 10/10
  6001 | D:6      | Reached skill level 8 in Short Blades
  6478 | D:5      | Reached skill level 9 in Short Blades
  7567 | D:7      | Reached XP level 9. HP: 52/52 MP: 11/11
  7642 | D:7      | Found a staircase to the Ecumenical Temple.
  7647 | D:7      | Found Raih's Armour Emporium.
  7850 | D:7      | Reached skill level 10 in Short Blades
  8083 | D:7      | Reached skill level 10 in Stealth
  8698 | D:8      | Noticed Psyche
  8705 | D:8      | Killed Psyche
  8705 | D:8      | Reached skill level 5 in Dodging
  8839 | D:8      | Reached XP level 10. HP: 57/57 MP: 12/12
  8861 | D:8      | Found a shattered altar of Ashenzari.
  8886 | D:8      | Reached skill level 11 in Stealth
  9330 | D:8      | Found a bloodstained altar of Trog.
  9336 | D:8      | Noticed Pikel
  9485 | D:8      | Found a sand-covered staircase.
  9491 | Ossuary  | Entered an ossuary
  9770 | Ossuary  | Reached skill level 12 in Stealth
 10232 | D:8      | Killed Pikel
 10272 | D:8      | Noticed Joseph
 10296 | D:8      | Killed Joseph
 10800 | D:9      | Found a staircase to the Lair.
 10895 | D:8      | Reached skill level 10 in Dodging
 10895 | D:8      | Reached XP level 11. HP: 62/62 MP: 13/13
 11881 | D:9      | Noticed an orc warlord
 11927 | D:10     | Entered Level 10 of the Dungeon
 12101 | D:10     | Noticed a hill giant
 12305 | D:10     | Reached skill level 1 in Armour
 12403 | D:10     | Found a staircase to the Orcish Mines.
 12586 | D:10     | Found a roughly hewn altar of Beogh.
 14259 | D:10     | Killed a hill giant
 14458 | D:9      | Killed an orc warlord
 14458 | D:9      | Reached skill level 5 in Armour
 14458 | D:9      | Reached skill level 13 in Stealth
 14458 | D:9      | Reached XP level 12. HP: 54/67 MP: 14/14
 14472 | Lair:1   | Entered Level 1 of the Lair of Beasts
 14817 | Lair:1   | Found a labyrinth entrance.
 14825 | Lab      | Entered a labyrinth
 15893 | Lab      | Noticed a minotaur
 15894 | Lab      | Killed a minotaur
 15894 | Lab      | Reached skill level 14 in Stealth
 15896 | Lab      | Got an ancient jade amulet
 15901 | Lab      | Identified the amulet "Heklosov" {Spirit rF+ MP+9} (You found it in a labyrinth)
 16758 | Lair:1   | HP: 2/67 [yak (11)]
 17353 | Lair:2   | Got a heavily runed leather armour
 17446 | Lair:2   | Identified the cursed +1 leather armour "Dawopycyxo" {Str+3} (You found it on level 2 of the Lair of Beasts)
 18346 | Lair:3   | Reached skill level 15 in Stealth
 18349 | Lair:3   | Reached XP level 13. HP: 51/72 MP: 15/15
 18368 | Lair:3   | Reached skill level 1 in Fighting
 19568 | Lair:4   | Reached skill level 10 in Armour
 20398 | Lair:5   | Reached skill level 5 in Fighting
 21043 | Lair:5   | Found a hole to the Spider Nest.
 21400 | Lair:6   | Found a staircase to the Swamp.
 21601 | Lair:6   | Reached XP level 14. HP: 90/90 MP: 16/16
 21878 | Lair:6   | Gained mutation: You can spit weak poison. [potion of beneficial mutation]
 23457 | Lair:7   | Got a glittering lead ring
 23469 | Lair:7   | Identified the ring "Rapp" {rElec rF+ EV+3} (You found it on level 7 of the Lair of Beasts)
 24002 | Lair:8   | Entered Level 8 of the Lair of Beasts
 24062 | Lair:8   | Reached skill level 15 in Short Blades
 24268 | Lair:8   | Reached skill level 10 in Fighting
 24358 | Lair:8   | Reached XP level 15. HP: 92/103 MP: 17/17
 24587 | Lair:8   | Found a staircase to the Slime Pits.
 24589 | Lair:8   | Found a viscous altar of Jiyva.
 25246 | Lair:8   | Reached skill level 1 in Shields
 25518 | Lair:8   | Reached skill level 16 in Stealth
 26092 | Lair:7   | Reached skill level 5 in Shields
 26268 | Lair:7   | Slain by a death yak

Vault maps used:
D:1:      tarquinn_simple_flora_water_d, minmay_box_of_dots
D:2:      lemuel_zombie_altar_kikubaaqudgha, nicolae_overflow_crystal_walls,
          uniq_natasha, uniq_terence
D:3:      xom_butterflies, lemuel_coloured_pillars_altar
D:4:      hangedman_ru_absence, portal_sewer_entry_e, serial_shops, shop
D:5:      grunt_temple_overflow_forces_of_nature, overflow_temple_1_default,
          overflow_temple_1_default, first_bread, basic_altar, uniq_duvessa
D:7:      temple_fountains, serial_shops, shop, grunt_livestock
D:8:      bloody_trog, old_standard_altar, nicolae_ossuary_entry_giza,
          uniq_pikel, uniq_psyche, uniq_joseph
D:9:      lemuel_castle_with_subvaults, minmay_lair_entry_lava
D:10:     minmay_orc_entry_temple_small
Lair:1:   lab_entry_generic, grunt_megastairs_1
Lair:2:   serial_bayou_pond_c, serial_bayou_shore_b
Lair:3:   nicolae_lair_grove_arrangements, beast_lair_carwin_11,
          lemuel_fruit_tree
Lair:4:   lemuel_ratsnest, grunt_megastairs_3
Lair:5:   beast_lair_carwin_large_3, dummy_spider_entry
Lair:6:   minmay_swamp_entry_worms, minmay_another_anthill
Lair:7:   grunt_megastairs_2, lemuel_fruit_fields
Lair:8:   minmay_lair_end_enchanted_forest, slime_altar_1, lemuel_fruit_fields
Lab:      nicolae_lab_grate, nicolae_lab_grate_2, nicolae_lab_x,
          labyrinth_skeletal_remains
Sewer:    sewer_co_purgy_island
Ossuary:  ossuary_tomb_1

Action                   |  1- 3 |  4- 6 |  7- 9 | 10-12 | 13-15 || total
-------------------------+-------+-------+-------+-------+-------++-------
Melee: Short sword       |   127 |   201 |    71 |       |       ||   399
       Mace              |       |     8 |       |       |       ||     8
       Dagger            |       |       |   436 |  2609 |  1983 ||  5028
Throw: Throwing net      |       |       |       |     5 |     1 ||     6
Invok: Call Merchant     |       |       |       |     3 |       ||     3
 Abil: Evoke Flight      |       |     1 |       |       |       ||     1
       Spit Poison       |       |       |       |       |     2 ||     2
Evoke: Wand              |    12 |    17 |    23 |    65 |     6 ||   123
       Rod               |       |       |     2 |     5 |       ||     7
       Phial of floods   |       |       |       |     1 |     2 ||     3
  Use: Potion            |     1 |       |       |     9 |     6 ||    16
       Scroll            |     7 |     5 |     5 |     5 |     7 ||    29
 Stab: Sleeping          |     3 |     8 |    24 |    46 |    70 ||   151
       Distracted        |       |     3 |     2 |    24 |    28 ||    57
       Held in net/web   |       |       |       |     3 |     1 ||     4
       Invisible         |       |       |       |     1 |     9 ||    10
  Eat: Pizza             |     1 |       |       |     9 |     7 ||    17
       Chunk             |     1 |       |       |       |       ||     1
       Meat ration       |       |     1 |     2 |     3 |     1 ||     7
       Fruit             |       |     3 |       |     6 |    15 ||    24
       Beef jerky        |       |     1 |     4 |     1 |     1 ||     7
       Royal jelly       |       |       |     1 |       |     2 ||     3
       Bread ration      |       |       |       |     2 |       ||     2
